 Dungeon Crawl Stone Soup version 0.31.0 (webtiles) character file.

Game seed: 15431019981557033963

224 qw the Shooter (level 6, -3/38 HPs)
             Began as a Gargoyle Hunter on Jan 19, 2024.
             Killed from afar by an orc wizard (6 damage)
             ... with a puff of flame
             ... on level 4 of the Dungeon.
             The game lasted 00:00:10 (2617 turns).

qw the Shooter (Gargoyle Hunter)                    Turns: 2617, Time: 00:00:10

Health: -3/38      AC: 12    Str: 15    XL:     6   Next: 0%
Magic:  6/6        EV: 11    Int:  9    God:
Gold:   181        SH:  0    Dex: 15    Spells: 5/5 levels left

rFire   . . .        a - +0 shortbow (heavy)
rCold   . . .        (shield currently unavailable)
rNeg    + . .        k - +0 ring mail
rPois   inf          (no helmet)
rElec   +            (no cloak)
rCorr   .            (no gloves)
SInv    .            l - +2 pair of boots
Will    .....        (no amulet)
Stlth   +            (no ring)
HPRegen 0.26/turn    (no ring)
MPRegen 0.10/turn

%: no passive effects
@: no status effects
A: sickness immunity, AC +4, negative energy resistance 1, electricity
resistance, torment resistance 1, petrification resistance
a: no special abilities


You were on level 4 of the Dungeon.
You visited 1 branch of the dungeon, and saw 4 of its levels.

You collected 181 gold pieces.


Innate Abilities, Weirdness & Mutations

You are immune to sickness and miasma.
Your stone body is resilient. (AC +4)
You are immune to poison.
You resist negative energy. (rN+)
You are resistant to electric shocks. (rElec)
You are resistant to unholy torment.
You are immune to petrification.


   Skills:
 - Level 4.1 Fighting
 + Level 6.0 Ranged Weapons
 - Level 1.1 Armour
 - Level 1.5 Dodging
 - Level 1.1 Stealth


You had 5 spell levels left.
You didn't know any spells.
Your spell library was empty.

Inventory:

Hand Weapons
 a - a +0 heavy shortbow (weapon)
Armour
 k - a +0 ring mail (worn)
 l - a +2 pair of boots (worn)
Scrolls
 f - 2 scrolls of teleportation
 h - 2 scrolls of enchant armour
Potions
 c - a potion of might {unknown}
 d - 4 potions of curing
 e - a potion of enlightenment

Dungeon Overview and Level Annotations

Branches:
Dungeon (4/15)
 Temple: D:4-7

Altars:
Fedhas
Hepliaklqana


Message History

You hear some strange, mumbled words.
Something tries to affect you, but you resist.
Something completely misses you. Something hits you.
2611 ||| DRINKING 5 potions of curing.
You feel better.
2611 ||| (to cure confusion)
Something hits you but does no damage. x2
The orc hits you with a +0 short sword. Something hits you.
You shoot an arrow. The arrow hits the orc.
The orc is almost dead.
Something hits you. x2; The orc hits you but does no damage.
Something hits you but does no damage.
You shoot an arrow. The arrow hits the orc.
You kill the orc!
Something hits you.
Something hits you but does no damage. x3
You hear some strange, mumbled words.
A puff of flame appears from out of thin air!
The puff of flame hits you but does no damage.
Something hits you but does no damage.
You have reached level 6!
2614 ||| FLEEEEING.
You shoot an arrow.
You hear some strange, mumbled words.
Something tries to affect you, but you resist.
You hear some strange, mumbled words.
A puff of flame appears from out of thin air!
The puff of flame hits you! Something hits you.
Something hits you but does no damage. x3
You shoot an arrow.
Something hits you but does no damage. x2
You hear some strange, mumbled words.
Something tries to affect you, but you resist.
Something hits you but does no damage. Something hits you.
Something hits you but does no damage.
You shoot an arrow.
Something hits you. x2; Something hits you but does no damage.
You shoot an arrow. Something hits you but does no damage. Something hits you.
You hear some strange, mumbled words.
A puff of flame appears from out of thin air!
The puff of flame hits you.
You die...

#...##........#...#.
........##.#..#.######%.
........##...>#.# #...
..............#.#####...
........................
...........%.#.#######.
.....##....#.# #.
#.#.##{{##....#.# #.
#.....{@(.....#.# #.
......)###......# #.
###.##. #..#.#.# ## ..
.. #..#.#.# # ... ......
. ..## ###.###### ###
#.# .#


There were no monsters in sight!

Vanquished Creatures
  A hound (D:4)
  An iguana (D:4)
  3 adders
  3 gnolls (D:4)
  4 dart slugs
  A ribbon worm (D:2)
  12 orcs
  5 ball pythons
  3 bats
  8 endoplasms
  15 giant cockroaches
  8 hobgoblins
  3 quokkas
  6 frilled lizards
  9 kobolds
  2 rats
84 creatures vanquished.

Notes
Turn   | Place    | Note
-------+----------+-------------------------------------------
     0 | D:1      | qw the Gargoyle Hunter began the quest for the Orb.
     0 | D:1      | Reached XP level 1. HP: 12/12 MP: 1/1
     0 | D:1      | 0 ||| qw: Version: 0.3-a-132-g3d54051
     0 | D:1      | 0 ||| qw: Game counter: 123
     0 | D:1      | 0 ||| qw: Melee chars always use a shield: true
     0 | D:1      | 0 ||| qw: God list: Okawaru
     0 | D:1      | 0 ||| qw: Allow faded altars: false
     0 | D:1      | 0 ||| qw: Do Orc after clearing Dungeon:15 true
     0 | D:1      | 0 ||| qw: Do second Lair branch before Depths: true
     0 | D:1      | 0 ||| qw: Lair rune preference: random
     0 | D:1      | 0 ||| qw: Goals: Normal
     0 | D:1      | 0 ||| PLANNING D:1-11
   313 | D:1      | Reached XP level 2. HP: 13/17 MP: 2/2
   593 | D:1      | 593 ||| READING 2 scrolls labelled MACLYV HEUPERI.
   596 | D:1      | 596 ||| READING scroll labelled VAVILO NAIMOG.
   697 | D:1      | 697 ||| DRINKING 2 silvery potions.
   698 | D:1      | 698 ||| DROPPING scroll of butterflies.
   862 | D:2      | Reached XP level 3. HP: 21/21 MP: 3/3
   880 | D:2      | Reached skill level 5 in Ranged Weapons
   880 | D:2      | 880 ||| FLEEEEING.
   887 | D:2      | 887 ||| STAIRDANCE
   898 | D:1      | 898 ||| READING scroll labelled NOSUYGANOIC.
   899 | D:1      | 899 ||| READING 2 scrolls labelled CEATAO SEANIARGH.
   899 | D:1      | 899 ||| IDENTIFYING metallic white potion
   900 | D:1      | 900 ||| READING scroll of identify.
   900 | D:1      | 900 ||| IDENTIFYING scroll labelled ACISHR ZU ORPH
   901 | D:1      | 901 ||| READING scroll labelled IWKAUG FICK.
  1058 | D:2      | Reached skill level 3 in Fighting
  1060 | D:2      | 1060 ||| FLEEEEING.
  1138 | D:2      | Reached XP level 4. HP: 28/28 MP: 4/4
  1522 | D:2      | 1522 ||| UPGRADING to +0 ring mail.
  1532 | D:2      | 1532 ||| DROPPING +0 leather armour.
  1533 | D:2      | 1533 ||| UPGRADING to +2 pair of boots.
  1538 | D:2      | 1538 ||| READING 2 scrolls of identify.
  1538 | D:2      | 1538 ||| IDENTIFYING bubbling orange potion
  1539 | D:2      | 1539 ||| READING scroll of identify.
  1539 | D:2      | 1539 ||| IDENTIFYING sapphire potion
  1540 | D:2      | 1540 ||| READING scroll labelled FAIR TAIDIDOM.
  1540 | D:2      | 1540 ||| BRANDING +0 shortbow.
  1541 | D:2      | 1541 ||| DROPPING potion of attraction.
  1542 | D:2      | 1542 ||| DROPPING potion of lignification.
  1633 | D:3      | Reached skill level 1 in Armour
  1663 | D:3      | Found a faded altar of an unknown god.
  2283 | D:3      | 2283 ||| READING scroll labelled WEISHRU SONOUBB.
  2304 | D:3      | 2304 ||| READING scroll labelled YMUQOI XUORCH.
  2376 | D:4      | Reached XP level 5. HP: 24/32 MP: 5/5
  2376 | D:4      | 2376 ||| FLEEEEING.
  2384 | D:4      | 2384 ||| STAIRDANCE
  2482 | D:4      | Reached skill level 6 in Ranged Weapons
  2574 | D:4      | Found a hazy altar of Hepliaklqana.
  2579 | D:4      | Found a blossoming altar of Fedhas.
  2608 | D:4      | 2608 ||| DRINKING 6 potions of curing.
  2608 | D:4      | 2608 ||| (to cure confusion)
  2611 | D:4      | 2611 ||| DRINKING 5 potions of curing.
  2611 | D:4      | 2611 ||| (to cure confusion)
  2614 | D:4      | Reached XP level 6. HP: 21/38 MP: 6/6
  2614 | D:4      | 2614 ||| FLEEEEING.
  2615 | D:4      | HP: 9/38 [something (2)]
  2617 | D:4      | HP: 3/38 [something (2)]
  2617 | D:4      | Killed from afar by an orc wizard

Levels and vault maps discovered:
D:1:      onia_arrival_mini_spirals, layout_basic,
          wander_ebering_terrifying_dragon_lair
D:2:      minmay_roachtagon, layout_loops_ring
D:3:      layout_loops_cross, nicolae_ecumenical_lake_church,
          chequers_serial_rivers_micro_a
D:4:      layout_basic, mainiacjoe_overflow_divided_tiny,
          nicolae_gozag_zags_fifth_avenue, minivault_25

Skill      XL: |  1  2  3  4  5 |
---------------+----------------+-----
Ranged Weapons | 5 6 |  6.0
Fighting       | 3 4 |  4.1
Armour         | 1 |  1.1
Dodging        | |  1.5
Stealth        | |  1.1

Action                     |  1- 3 |  4- 6 || total
---------------------------+-------+-------++-------
   Fire: Shortbow          |   103 |   106 ||   209
    Use: Scroll            |     6 |     5 ||    11
         Potion            |     1 |     2 ||     3
 Armour: Leather armour    |    34 |       ||    34
         Ring mail         |       |    74 ||    74
  Dodge: Dodged            |    25 |    31 ||    56

Table legend:
 A = Non-vault XP
 B = Vault XP
 C = Vault XP percentage of total XP
 D = Non-vault monster count
 E = Vault monster count
 F = Vault count percentage of total count
                 A         B        C        D         E       F
            +---------+---------+-------+---------+---------+-------
      Total |     297 |      23 |   7.2 |      72 |      12 |  14.3
            +---------+---------+-------+---------+---------+-------
        D:1 |      19 |       1 |   5.0 |      11 |       1 |   8.3
        D:2 |      51 |      22 |  30.1 |      20 |      11 |  35.5
        D:3 |      44 |       0 |   0.0 |      19 |       0 |   0.0
        D:4 |     183 |       0 |   0.0 |      22 |       0 |   0.0
            +---------+---------+-------+---------+---------+-------
